 Dungeon Crawl Stone Soup version 0.31.0-32-g396128a36d (webtiles) character file.

Game seed: 1641433475240680458

378 PaiMei the Scholar of Death (level 6, -6/46 HPs)
             Began as a Demonspawn Necromancer on Apr 24, 2024.
             Was a Follower of Kikubaaqudgha.
             Mangled by Prince Ribbit (12 damage)
             ... on level 5 of the Dungeon.
             The game lasted 00:06:37 (4996 turns).

PaiMei the Scholar of Death (DsNe)                  Turns: 4996, Time: 00:06:37

Health: -6/46      AC:  7    Str:  8    XL:     6   Next: 45%
Magic:  0/11       EV: 10    Int: 18    God:    Kikubaaqudgha [*.....]
Gold:   166        SH:  5    Dex: 13    Spells: 8/12 levels left

rFire   . . .        i - +0 short sword (freeze)
rCold   . . .        (no shield)
rNeg    . . .        e - +0 ring mail
rPois   .            (helmet restricted)
rElec   .            p - +0 cloak
rCorr   .            (no gloves)
SInv    .            j - +0 pair of boots
Will    .....        c - amulet of reflection
Stlth   +            (no ring)
HPRegen 0.27/turn    (no ring)
MPRegen 0.12/turn

%: reflection
@: no status effects
A: antennae 1, claws 1
a: Renounce Religion, Unearth Wretches


You were on level 5 of the Dungeon.
You worshipped Kikubaaqudgha.
Kikubaaqudgha was aware of your devotion.
You visited 1 branch of the dungeon, and saw 5 of its levels.

You collected 166 gold pieces.

Inventory:

Hand Weapons
 d - a +0 quarterstaff
 i - a +0 short sword of freezing (weapon)
 u - a +0 whip of venom
Missiles
 x - 4 poisoned darts (quivered)
 y - 2 throwing nets
Armour
 e - a +0 ring mail (worn)
 j - a +0 pair of boots (worn)
 o - a +0 kite shield
 p - a +0 cloak (worn)
Jewellery
 c - an amulet of reflection (around neck)
Wands
 q - a wand of flame (22)
 t - a wand of paralysis (3)
Scrolls
 a - 6 scrolls of identify {unknown}
 k - a scroll of silence {unknown}
 l - 2 scrolls of teleportation {unknown}
 m - a scroll of enchant armour {unknown}
 s - a scroll of vulnerability {unknown}
 v - 2 scrolls of amnesia {unknown}
 w - a scroll of butterflies {unknown}
Potions
 b - a potion of magic
 f - 4 potions of curing {unknown}
 g - a potion of brilliance {unknown}
 h - 2 potions of enlightenment {unknown}
 n - a potion of might {unknown}
 r - 3 potions of mutation {unknown}
 z - a potion of attraction {unknown}
 A - a potion of berserk rage {unknown}


   Skills:
 + Level 2.9 Fighting
 + Level 3.4 Dodging
 - Level 2.0 Stealth
 + Level 3.6 Spellcasting
 + Level 5.7 Necromancy


You had 8 spell levels left.
You knew the following spells:

 Your Spells              Type           Power      Damage    Failure   Level
a - Necrotise             Necr           92%        1d8       4%          1
b - Vampiric Draining     Necr           23%        2d7       14%         3

Your spell library contained the following spells:

 Spells                   Type           Power      Damage    Failure   Level
 Kiss of Death            Conj/Necr      52%        2d9       14%         1
 Fugue of the Fallen      Necr           23%        N/A       14%         3
 Cigotuvi's Dreadful Rot  Necr/Alch/Air  20%        N/A       32%         2
 Animate Dead             Necr           23%        N/A       41%         4
 Apportation              Tloc           6%         N/A       43%         1
 Summon Small Mammal      Summ           12%        N/A       43%         1
 Ensorcelled Hibernation  Hex/Ice        6%         N/A       58%         2
 Jinxbite                 Hex            6%         N/A       58%         2
 Curse of Agony           Necr           23%        N/A       77%         5
 Call Canine Familiar     Summ           3%         N/A       82%         3
 Passwall                 Erth           3%         N/A       82%         3
 Swiftness                Air            3%         N/A       82%         3
 Summon Blazeheart Golem  Fire/Summ      3%         N/A       99%         4
 Alistair's Intoxication  Alch           2%         N/A       100%        5


Dungeon Overview and Level Annotations

Branches:
Dungeon (5/15)             Temple (0/1) D:4

Altars:
Kikubaaqudgha

Shops:
D:1 [

Annotations:
D:2 Sigmund
D:5 Prince Ribbit


Innate Abilities, Weirdness & Mutations

You have a pair of small antennae on your head.
You have sharp fingernails.


Message History

Casting: Necrotise (safe; 4% risk of failure)
Confirm with . or Enter, or press ? or * to list all spells.
Aiming: Necrotise (safe; 4% risk of failure)
Press: ? - help, Shift-Dir - straight line, f/p - Prince Ribbit
Aim: Prince Ribbit (moderately wounded, chance to affect: 67%) Prince Ribbit writhes in agony!
Prince Ribbit catches a spider with his tongue.
You block Prince Ribbit's attack.
Casting: Necrotise (safe; 4% risk of failure)
Confirm with . or Enter, or press ? or * to list all spells.
Aiming: Vampiric Draining (dangerous; 14% risk of failure)
Press: ? - help, Shift-Dir - straight line, f/p - Prince Ribbit
Aim: Prince Ribbit (heavily wounded)
You draw life force from Prince Ribbit!
Prince Ribbit says, "You're just another fly to me."
Prince Ribbit hits you but does no damage.
Casting: Vampiric Draining (dangerous; 14% risk of failure)
Confirm with . or Enter, or press ? or * to list all spells.
You don't have enough magic to cast this spell.
You hit Prince Ribbit but do no damage.
Prince Ribbit is almost dead.
Prince Ribbit hits you. Prince Ribbit closely misses you.
You closely miss Prince Ribbit.
Prince Ribbit is almost dead.
Prince Ribbit hits you!
You closely miss Prince Ribbit.
Prince Ribbit is almost dead.
Prince Ribbit hits you! You block Prince Ribbit's attack.
You closely miss Prince Ribbit.
Prince Ribbit is almost dead.
Prince Ribbit hits you!
* * * LOW HITPOINT WARNING * * *
Casting: Vampiric Draining (dangerous; 14% risk of failure)
Confirm with . or Enter, or press ? or * to list all spells.
Aiming: Necrotise (safe; 4% risk of failure)
Press: ? - help, Shift-Dir - straight line, f/p - Prince Ribbit
Aim: Prince Ribbit (almost dead, chance to affect: 67%) Prince Ribbit struggles to resist.
Prince Ribbit hits you!
You die...
Kikubaaqudgha rasps: "You have failed me!
Welcome... death!"

##.... ..## ..
....#.##... ..#
#....#...##..#.
..............
#/...........
##.#..#.?.....##
................
#F........
#.@.......
#.#.####.. #.#.#
#...# .....
#...# #...# ..
..


You could see Prince Ribbit.

Vanquished Creatures
  A black bear (D:4)
  A bombardier beetle (D:4)
  2 orc priests
  Jessica (D:2)
  6 adders
  3 gnolls (D:4)
  2 ribbon worms
  7 orcs
  5 ball pythons
  3 bats
  8 endoplasms
  3 giant cockroaches
  8 goblins
  5 hobgoblins
  9 jackals
  A quokka (D:4)
  2 frilled lizards (D:2)
  5 kobolds
  3 rats
75 creatures vanquished.

Vanquished Creatures (collateral kills)
  A jackal (D:2)
1 creature vanquished.

Grand Total: 76 creatures vanquished

Notes
Turn   | Place    | Note
-------+----------+-------------------------------------------
     0 | D:1      | PaiMei the Demonspawn Necromancer began the quest for the
                  | Orb.
     0 | D:1      | Reached XP level 1. HP: 13/13 MP: 3/3
    98 | D:1      | Discovered your monstrous ancestry.
    98 | D:1      | Gained mutation: You have a pair of small antennae on your
                  | head. [demonic ancestry]
    98 | D:1      | Reached XP level 2. HP: 15/19 MP: 5/5
   214 | D:1      | Found Foeduc's Antique Armour Shop.
   825 | D:2      | Noticed Sigmund
   897 | D:2      | Gained mutation: You have sharp fingernails. [demonic
                  | ancestry]
   897 | D:2      | Reached XP level 3. HP: 25/25 MP: 4/6
   901 | D:2      | Learned a level 3 spell: Vampiric Draining
  1137 | D:2      | Reached skill level 1 in Fighting
  1492 | D:1      | Reached XP level 4. HP: 22/32 MP: 2/7
  1684 | D:2      | Noticed Jessica
  1934 | D:2      | Killed Jessica
  1935 | D:2      | Reached skill level 5 in Necromancy
  2601 | D:3      | Reached XP level 5. HP: 31/38 MP: 4/9
  2749 | D:3      | Found an ancient bone altar of Kikubaaqudgha.
  2778 | D:3      | Became a worshipper of Kikubaaqudgha
  3294 | D:3      | Paralysed by a kobold for 3 turns
  3773 | D:4      | Noticed a black bear
  3793 | D:4      | Found a staircase to the Ecumenical Temple.
  4011 | D:4      | Reached XP level 6. HP: 46/46 MP: 9/11
  4459 | D:4      | Reached * piety under Kikubaaqudgha
  4459 | D:4      | Received a gift from Kikubaaqudgha
  4636 | D:5      | Entered Level 5 of the Dungeon
  4636 | D:5      | Noticed Prince Ribbit
  4996 | D:5      | Mangled by Prince Ribbit

Illustrated notes

Levels and vault maps discovered:
D:1:      minmay_arrival_hallway, layout_loops_ring, serial_shops, shop
D:2:      minmay_chambers_of_ones, layout_basic, serial_bayou_crossing,
          uniq_sigmund, uniq_jessica
D:3:      layout_loops_corners, amethyst_overflow_temple_binary
D:4:      layout_cave_pools, minmay_temple_entry_statues_pillars
D:5:      layout_basic, portal_sewer_entry_f, uniq_prince_ribbit1

Skill      XL: |  1  2  3  4  5 |
---------------+----------------+-----
Stealth        | 2 |  2.0
Dodging        | 2 3 |  3.4
Fighting       | 1 2 |  2.9
Necromancy     | 5 |  5.7
Spellcasting   | 3 |  3.6

Action                     |  1- 3 |  4- 6 || total
---------------------------+-------+-------++-------
  Melee: Quarterstaff      |    48 |       ||    48
         Short sword       |     8 |    23 ||    31
   Cast: Necrotise         |    42 |    99 ||   141
         Vampiric Draining |       |     5 ||     5
 Armour: Ring mail         |    60 |    47 ||   107
  Dodge: Dodged            |    47 |    25 ||    72
  Block: Other             |       |    10 ||    10
